 Dungeon Crawl Stone Soup version 0.30-a0-241-g1121274140 (webtiles) character file.

Game seed: 7969306768154320138

25 KennySheep the Changer (level 2, -2/22 HPs)
             Began as a Demigod Transmuter on Oct 11, 2022.
             Slain by a kobold
             ... wielding a +0 broad axe
              (10 damage)
             ... on level 1 of the Dungeon.
             The game lasted 00:02:50 (269 turns).

KennySheep the Changer (Demigod Transmuter)          Turns: 269, Time: 00:02:50

Health: -2/22      AC:  2    Str: 11    XL:     2   Next: 66%
Magic:  7/7        EV: 12    Int: 15    God:
Gold:   22         SH:  0    Dex: 14    Spells: 3/4 levels left

rFire   . . .      SeeInvis .      - Unarmed
rCold   . . .      Faith    .    (no shield)
rNeg    . . .      Spirit   .    a - +0 robe
rPois   .          Reflect  .    (no helmet)
rElec   .          Harm     .    (no cloak)
rCorr   .          Rampage  .    (no gloves)
Will    .....                    (no boots)
Stlth   +.........               (no amulet)
HPRegen 0.23/turn                (no ring)
MPRegen 0.10/turn                (no ring)

@: no status effects
A: high MP 1, forlorn, divine attributes
a: no special abilities


You were on level 1 of the Dungeon.
You visited 1 branch of the dungeon, and saw 1 of its levels.

You collected 22 gold pieces.

Inventory:

Armour
 a - a +0 robe (worn)
Scrolls
 c - a scroll of summoning {unknown}
 e - a scroll of teleportation {unknown}
Potions
 d - a potion of attraction {unknown}


   Skills:
 - Level 0.8 Fighting
 - Level 1.7 Dodging
 - Level 2.6 Unarmed Combat
 - Level 1.7 Spellcasting
 * Level 2.7 Transmutations
 + Level 1.1 Poison Magic


You had 3 spell levels left.
You knew the following spells:

 Your Spells              Type           Power      Damage    Failure   Level
a - Beastly Appendage     Tmut           18%        N/A       8%          1

Your spell library contained the following spells:

 Spells                   Type           Power      Damage    Failure   Level
 Wereblood                Tmut           9%         N/A       11%         2
 Spider Form              Tmut/Pois      7%         N/A       30%         3
 Ice Form                 Ice/Tmut       5%         N/A       78%         4


Dungeon Overview and Level Annotations

Branches:
Dungeon (1/15)


Innate Abilities, Weirdness & Mutations

You have an increased reservoir of magic. (+10% MP)
You shall have no god before yourself.
Your divine heritage dramatically boosts your attributes as you level up.


Message History

You kill the jackal!
The gnoll hits you with a +0 spear!
Items here: ( ))) †††.
You barely miss the gnoll. The gnoll misses you.
You hit the gnoll.
The gnoll is moderately wounded.
The gnoll completely misses you.
You closely miss the gnoll. You punch the gnoll.
The gnoll is heavily wounded.
The gnoll hits you with a +0 spear.
You hit the gnoll.
The gnoll is severely wounded.
The gnoll hits you with a +0 spear.
* * * LOW HITPOINT WARNING * * *
Really quaff the potion of lignification?
You turn into a tree.
Your +0 robe melds into your body.
Your roots penetrate the ground.
The gnoll hits you but does no damage.
You smack the gnoll!
You kill the gnoll!
Your Poison Magic skill increases to level 1!
You hit the rat.
The rat is moderately wounded.
The rat bites you but does no damage.
You smack the rat!
You kill the rat!
You start resting.
Your transformation is almost over.
A kobold comes into view. It is wielding a +0 broad axe.
A kobold is nearby!
A kobold is nearby!
You feel less wooden.
Your +0 robe unmelds from your body.
You start resting.
A kobold is nearby!
A kobold is nearby!
The kobold shouts!
The kobold throws a stone.
The stone completely misses you.
You closely miss the kobold.
The kobold hits you with a +0 broad axe!
You die...

.. .......# #...##....~.. ...
.......##.#.##.♣.~~.. #....
...........##.......
.....##.#.#.##.#.####''###
..........#.##.#.#........
#.#..........#.........###
###.#..##.#.##.#...#.#.#.#
#........................#
.#.#.#..##.#@#..#..##.#.#.#
.........#.#K#..#..##.#.#.#
.#.#....##.#.#..#..##.#.#.###
......†....#.................
.####..............#.........
#......................#.###
#.....).#......##.#..#.#....
#..............## #..#.#.###
........###..##.##.#..#.#....


You could see a kobold.

Vanquished Creatures
  A gnoll (D:1)
  2 dart slugs (D:1)
  A bat (D:1)
  A hobgoblin (D:1)
  A jackal (D:1)
  A quokka (D:1)
  2 ball pythons (D:1)
  A goblin (D:1)
  2 kobolds (D:1)
  A rat (D:1)
13 creatures vanquished.

Notes
Turn   | Place    | Note
-------+----------+-------------------------------------------
     0 | D:1      | KennySheep the Demigod Transmuter began the quest for the
                  | Orb.
     0 | D:1      | Reached XP level 1. HP: 15/15 MP: 5/5
   208 | D:1      | Reached XP level 2. HP: 18/22 MP: 5/7
   239 | D:1      | Reached skill level 1 in Poison Magic
   269 | D:1      | Slain by a kobold

Illustrated notes

Levels and vault maps discovered:
D:1:      lightli_arrival_windingriver, layout_basic, serial_glass,
          glass_columns_b, glass_columns_a, item_on_display_a,
          minmay_strange_pillars, chequers_serial_rivers_micro_d

Skill      XL: |  1  2 |
---------------+-------+-----
Transmutations | 2 |  2.7
Poison Magic   | 1 |  1.1
Fighting       | |  0.8
Dodging        | |  1.7
Unarmed Combat | |  2.6
Spellcasting   | |  1.7

Action                   || total
-------------------------++-------
Melee: Unarmed           ||    37
       Kick              ||     6
       Headbutt          ||     1
       Punch             ||     1
 Cast: Beastly Appendage ||     4
  Use: Potion            ||     1
Armor: Robe              ||    10
       Skin              ||     2
Dodge: Dodged            ||    46

Table legend: (Time is in decaauts)
 A = Elapsed time spent in this place.
 B = Non-inter-level travel time spent in this place.
 C = Inter-level travel time spent in this place.
 D = Time resting spent in this place.
 E = Time spent auto-exploring this place.
 F = Levels seen in this place.
 G = Mean time per level.
                   A        B        C        D        E       F      G
               +--------+--------+--------+--------+--------+-----+--------+
         Total |    269 |    269 |      0 |     19 |    151 |   1 |  269.0 |
       Dungeon |    269 |    269 |      0 |     19 |    151 |   1 |  269.0 |
               +--------+--------+--------+--------+--------+-----+--------+

Top non-repeatable levels by time:
     D:1: 269 daAuts
